 Dungeon Crawl Stone Soup version 0.29.1-1-gd02db6906a (webtiles) character file.

Game seed: 7630580725231417787

70 SSird the Shooter (level 4, -7/34 HPs)
             Began as a Formicid Hunter on Sept 15, 2022.
             Mangled by a gnoll
             ... wielding a +0 flail
              (10 damage)
             ... on level 2 of the Dungeon.
             The game lasted 00:05:50 (1054 turns).

SSird the Shooter (Formicid Hunter)                 Turns: 1054, Time: 00:05:50

Health: -7/34      AC:  4    Str: 16    XL:     4   Next: 44%
Magic:  0/4        EV: 12    Int:  8    God:
Gold:   82         SH:  0    Dex: 19    Spells: 3/3 levels left

rFire   . . .      SeeInvis +   a - +0 shortbow
rCold   . . .      Faith    .   (no shield)
rNeg    . . .      Spirit   +   c - +0 leather armour
rPois   .          Reflect  .   (helmet unavailable)
rElec   .          Harm     .   (no cloak)
rCorr   .          Rampage  .   (no gloves)
Will    .....                   h - +0 pair of boots
Stlth   ++........              e - amulet of guardian spirit
HPRegen 0.11/turn               (no ring)
MPRegen 0.09/turn               (no ring)

@: attractive
A: permanent stasis, dig shafts and tunnels, antennae 3, four strong arms
a: Dig, Shaft Self


You were on level 2 of the Dungeon.
You visited 1 branch of the dungeon, and saw 2 of its levels.

You collected 82 gold pieces.

Inventory:

Hand Weapons
 a - a +0 shortbow (weapon)
Armour
 c - a +0 leather armour (worn)
 h - a +0 pair of boots (worn)
Jewellery
 e - an amulet of guardian spirit (around neck)
Scrolls
 b - 2 scrolls of immolation
 d - a scroll of summoning {unknown}
 g - a scroll of noise {unknown}
 i - 2 scrolls of identify {unknown}
 j - a scroll of amnesia {unknown}
Potions
 k - a potion of brilliance {unknown}


   Skills:
 + Level 2.3 Fighting
 * Level 5.5 Ranged Weapons
 + Level 0.1 Armour
 + Level 1.7 Dodging
 - Level 1.2 Stealth


You had 3 spell levels left.
You didn't know any spells.
Your spell library contained the following spells:

 Spells                   Type           Power      Damage    Failure   Level
 Apportation              Tloc           0%         N/A       47%         1
 Alistair's Intoxication  Tmut/Pois      0%         N/A       100%        5


Dungeon Overview and Level Annotations

Branches:
Dungeon (2/15)

Altars:

Shops:
D:1 :


Innate Abilities, Weirdness & Mutations

You cannot be hasted, slowed, berserked, paralysed or teleported.
You can dig through walls and to a lower floor.
You have a pair of large antennae on your head. (SInv)
Your four strong arms can wield two-handed weapons with a shield.


Message History

Fire/throw/use which item? ([*] to toss any item) (? for menu, Esc to quit)
You don't have any such object.
Fire/throw/use which item? ([*] to toss any item) (? for menu, Esc to quit)
Fire: a) +0 shortbow
Press: ? - help, Shift-Dir - straight line, f - Terence
Aim: Terence, wielding a +0 hand axe and wearing a +0 scale mail (heavily wounded, 68% to hit)
You shoot an arrow. The arrow barely misses Terence.
You hear a shout!
Terence hits you but does no damage.
You hear an angry hiss.
You don't have any such object.
Fire/throw/use which item? ([*] to toss any item) (? for menu, Esc to quit)
You don't have any such object.
Fire/throw/use which item? ([*] to toss any item) (? for menu, Esc to quit)
Fire: a) +0 shortbow
Press: ? - help, Shift-Dir - straight line, f/p - Terence
Aim: Terence, wielding a +0 hand axe and wearing a +0 scale mail (heavily wounded, 68% to hit)
You shoot an arrow. The arrow hits Terence.
Terence is almost dead.
Terence hits you with a +0 hand axe.
* * * LOW HITPOINT WARNING * * *
A gnoll comes into view. It is wielding a +0 whip.
You don't have any such object.
Fire/throw/use which item? ([*] to toss any item) (? for menu, Esc to quit)
You don't have any such object.
Fire/throw/use which item? ([*] to toss any item) (? for menu, Esc to quit)
Fire: a) +0 shortbow
Press: ? - help, Shift-Dir - straight line, f/p - Terence
Aim: Terence, wielding a +0 hand axe and wearing a +0 scale mail (almost dead, 68% to hit)
You shoot an arrow. The arrow hits Terence.
You kill Terence!
Your life force feels restored.
You have reached level 4!
You feel stronger.
Okay, then.
It was a potion of attraction.
You feel attractive to monsters.
A gnoll comes into view. It is wielding a +0 spear.
The gnoll hits you with a +0 flail!
You die...

###...♣.......#
#....♣.♣......#
######.#.♣._.♣..##.#
.......#..♣.♣...##.#
####.......♣.......##
####..#.............#
#.............###K..#
..##...###..#####gg.#
####...# .## #@#..#
#....†## # ###†.#
..##....# #{.#
.###.##....# ${... ##
#.# #..## ........
.....# ..#
.......{... ...###
... ............ ...#
#. ...........g. ..
..............


You could see 2 gnolls and a kobold.

Vanquished Creatures
  Terence (D:2)
  An adder (D:2)
  3 dart slugs
  5 ball pythons
  4 endoplasms
  A giant cockroach (D:2)
  2 goblins (D:1)
  2 hobgoblins (D:1)
  4 kobolds (D:1)
  A quokka (D:1)
  A bat (D:1)
  2 rats (D:1)
27 creatures vanquished.

Notes
Turn   | Place    | Note
-------+----------+-------------------------------------------
     0 | D:1      | SSird the Formicid Hunter began the quest for the Orb.
     0 | D:1      | Reached XP level 1. HP: 16/16 MP: 1/1
    37 | D:1      | Reached XP level 2. HP: 22/22 MP: 2/2
   142 | D:1      | Found Alafuy's Book Shoppe.
   775 | D:1      | Reached XP level 3. HP: 27/27 MP: 3/3
   995 | D:2      | Found a faded altar of an unknown god.
  1028 | D:2      | Reached skill level 5 in Ranged Weapons
  1033 | D:2      | Noticed Terence
  1053 | D:2      | Killed Terence
  1054 | D:2      | Reached XP level 4. HP: 3/34 MP: 0/4
  1054 | D:2      | Mangled by a gnoll

Illustrated notes

Levels and vault maps discovered:
D:1:      dpeg_arrival_morbid_curiosity, layout_loops_corners, serial_shops,
          shop
D:2:      layout_rooms, chequers_ecumenical_altar_simple_redux, uniq_terence

Skill      XL: |  1  2  3 |
---------------+----------+-----
Ranged Weapons | 5 |  5.5
Fighting       | |  2.3
Armour         | |  0.1
Dodging        | |  1.7
Stealth        | |  1.2

Action                   |  1- 3 |  4- 6 || total
-------------------------+-------+-------++-------
 Fire: Shortbow          |    66 |       ||    66
 Abil: Dig               |    10 |       ||    10
  Use: Potion            |       |     1 ||     1
Armor: Leather armour    |     7 |       ||     7
Dodge: Dodged            |    16 |       ||    16
